 Dungeon Crawl Stone Soup version 0.30.0-17-ge0270778cf (webtiles) character file.

Game seed: 14626013822313277591

42 RascalDebosk the Magician (level 3, -1/28 HPs)
             Began as a Djinni Warper on May 22, 2023.
             Slain by a hobgoblin
             ... wielding a +0 mace
              (2 damage)
             ... on level 2 of the Dungeon.
             The game lasted 00:07:29 (1678 turns).

RascalDebosk the Magician (Djinni Warper)           Turns: 1678, Time: 00:07:29

Health: -1/28      AC:  4    Str: 10    XL:     3   Next: 80%
Gold:   47         EV: 11    Int: 16    God:
                   SH:  0    Dex: 12

rFire   + + .        a - +0 falchion
rCold   x . .        (no shield)
rNeg    . . .        b - +0 leather armour
rPois   ∞            (no helmet)
rElec   .            (no cloak)
rCorr   .            j - +0 pair of gloves
SInv    .            (boots unavailable)
Will    .....        (no amulet)
Stlth   +            (no ring)
HPRegen 0.24/turn    (no ring)
MPRegen 0.00/turn

%: infuse magic (-2 HP)
@: flying
A: sickness immunity, fire resistance 2, cold vulnerability 1, float, innate
caster, HP casting, extra vitality 1
a: no special abilities


You were on level 2 of the Dungeon.
You visited 1 branch of the dungeon, and saw 2 of its levels.

You collected 47 gold pieces.

Inventory:

Hand Weapons
 a - a +0 falchion (weapon)
Missiles
 d - 7 boomerangs of dispersal (quivered)
Armour
 b - a +0 leather armour (worn)
 j - a +0 pair of gloves (worn)
Scrolls
 c - a scroll of amnesia {unknown}
 f - a scroll of enchant armour {unknown}
 g - a scroll of blinking
 h - a scroll of magic mapping {unknown}
 k - 3 scrolls of identify {unknown}
 l - a scroll of fear {unknown}
Potions
 e - a potion of curing {unknown}
 i - a potion of degeneration {unknown}
 m - a potion of heal wounds {unknown}
 n - 2 potions of invisibility {unknown}


   Skills:
 - Level 2.0 Fighting
 - Level 1.7 Long Blades
 - Level 0.7 Throwing
 - Level 1.0 Armour
 - Level 2.1 Dodging
 * Level 3.5 Spellcasting


You knew the following spells:

 Your Spells              Type           Power      Damage    Failure   Level
a - Blink                 Tloc           28%        N/A       9%          2
b - Lesser Beckoning      Tloc           28%        N/A       9%          2
c - Vhi's Electric Charg  Tloc/Air       28%        N/A       17%         3
d - Teleport Other        Tloc           14%        N/A       17%         3
e - Manifold Assault      Tloc           14%        N/A       50%         4
f - Beastly Appendage     Tmut           28%        N/A       6%          1
Your spell library was empty.

Dungeon Overview and Level Annotations

Branches:
Dungeon (2/15)

Altars:

Shops:
D:1 [


Innate Abilities, Weirdness & Mutations

You are immune to sickness and miasma.
You are immune to poison.
Your flesh is very heat resistant. (rF++)
You are vulnerable to cold. (rC-)
You float through the air rather than walking.
You learn spells naturally, not from books.
Your magical power is your life essence.
You have superior vitality. (+4 MHP)


Message History

Aim: a quokka (wandering, hasn't noticed you, 65% to hit)
You charge forward with an electric crackle!
A worm and a hobgoblin come into view.
Found a fuming amethyst potion and 2 viscous sapphire potions.
You slash the quokka and electrocute it!
You kill the quokka!
The hobgoblin shouts!
Casting: Vhi's Electric Charge (quite dangerous; 19% risk of failure)
Confirm with . or Enter, or press ? or * to list all spells.
The spell is quite dangerous to miscast (19% risk of failure)!
Continue anyway?
Charge where?
Press: ? - help, Dir - move target, f - worm
Aim: a worm (97% to hit)
You charge forward with an electric crackle!
You hit the worm but do no damage. The hobgoblin closely misses you.
You hit the worm.
The worm is moderately wounded.
The hobgoblin hits you. The worm bites you but does no damage.
The hobgoblin misses you.
You hit the worm.
The worm is moderately wounded.
The worm barely misses you. The hobgoblin barely misses you.
The hobgoblin closely misses you.
You barely miss the hobgoblin. The hobgoblin closely misses you.
You hit the hobgoblin.
The hobgoblin is almost dead.
The hobgoblin hits you. The worm bites you!
* * * LOW HITPOINT WARNING * * *
The hobgoblin barely misses you. The hobgoblin barely misses you.
You closely miss the hobgoblin.
The hobgoblin is almost dead.
The hobgoblin hits you.
* * * LOW HITPOINT WARNING * * *
You hit the hobgoblin but do no damage.
The hobgoblin is almost dead.
The hobgoblin closely misses you. The hobgoblin hits you.
* * * LOW HITPOINT WARNING * * *
You hit the hobgoblin.
You kill the hobgoblin!
You barely miss the worm. The worm barely misses you.
You completely miss the worm. Your punch misses the worm. You hit the worm.
The worm is lightly wounded.
The worm bites you.
* * * LOW HITPOINT WARNING * * *
Casting: Vhi's Electric Charge (quite dangerous; 17% risk of failure)
Confirm with . or Enter, or press ? or * to list all spells.
The spell is quite dangerous to miscast (17% risk of failure)!
Continue anyway?
Aiming: Teleport Other (quite dangerous; 17% risk of failure)
Press: ? - help, Shift-Dir - straight line, f/p - worm
Aim: a worm (chance to affect: 61%)
The worm resists with significant effort.
* * * LOW HITPOINT WARNING * * *
The worm bites you.
* * * LOW HITPOINT WARNING * * *
You hit the worm.
The worm is moderately wounded.
You hit the worm.
The worm is moderately wounded.
The worm barely misses you.
You slash the worm!
The worm is almost dead.
The worm closely misses you.
You hit the worm.
You kill the worm!
m - a fuming amethyst potion
n - 2 viscous sapphire potions You see here a ball python corpse.
A hobgoblin comes into view. It is wielding a +0 mace.
The hobgoblin shouts!
Casting: Teleport Other (quite dangerous; 17% risk of failure)
Confirm with . or Enter, or press ? or * to list all spells.
You can't see any susceptible monsters within range! (Use Z to cast anyway.)
Casting: Teleport Other (quite dangerous; 17% risk of failure)
Confirm with . or Enter, or press ? or * to list all spells.
The spell is quite dangerous to miscast (17% risk of failure)!
Continue anyway?
Charge where?
Press: ? - help, Dir - move target, f - hobgoblin
Aim: a hobgoblin, wielding a +0 mace (77% to hit)
You charge forward with an electric crackle!
You closely miss the hobgoblin. The hobgoblin barely misses you.
You barely miss the hobgoblin. The hobgoblin hits you with a +0 mace.
The hobgoblin closely misses you.
You closely miss the hobgoblin. The hobgoblin hits you with a +0 mace.
You hit the hobgoblin.
The hobgoblin is lightly wounded.
The hobgoblin hits you with a +0 mace!
* * * LOW HITPOINT WARNING * * *
You hit the hobgoblin.
The hobgoblin is almost dead.
The hobgoblin closely misses you.
You barely miss the hobgoblin.
The hobgoblin is almost dead.
The hobgoblin hits you with a +0 mace.
* * * LOW HITPOINT WARNING * * *
You closely miss the hobgoblin.
The hobgoblin is almost dead.
The hobgoblin hits you with a +0 mace.
You die...

#..............†...............#.
#...........#####.###############
#...........## #.# #.......
####.........# #.# #.##....
#.........# #.# #.#...##
#.........# #.# #.#...#.
#.........# #.# #.#...#.
#.........####.#.# #.#...#.
#.........##.@...# #.#...#.
#.........##.g...# #.#...#.
###.########.....# #.#...#. #.###
#.....# #.#...#. #...# .......#
#.#...#. ###.# ........# #.#...#.
#.# ........# ###.#...#. #.#
.........# #.......#. #.#
###.#.#.#.


You could see a hobgoblin.

Vanquished Creatures
  A worm (D:2)
  A dart slug (D:1)
  A ball python (D:2)
  6 bats (D:1)
  4 endoplasms
  A giant cockroach (D:1)
  4 goblins
  4 hobgoblins
  2 jackals (D:1)
  2 quokkas
  4 kobolds
  A rat (D:1)
31 creatures vanquished.

Notes
Turn   | Place    | Note
-------+----------+-------------------------------------------
     0 | D:1      | RascalDebosk the Djinni Warper began the quest for the Orb.
     0 | D:1      | RascalDebosk set off with the following spells memorised:
                  | Blink, Lesser Beckoning, Vhi's Electric Charge, Teleport
                  | Other, Manifold Assault.
     0 | D:1      | Reached XP level 1. HP: 18/18 MP: 0/0
     2 | D:1      | Noticed an elf
     2 | D:1      | Noticed a gargoyle
     4 | D:1      | Noticed an ogre
     4 | D:1      | Noticed a ghoul
     6 | D:1      | Noticed a vine stalker
     8 | D:1      | Noticed a human
     8 | D:1      | Noticed a demigod
    10 | D:1      | Noticed a merfolk
    10 | D:1      | Noticed a naga
    12 | D:1      | Noticed a demonspawn
    12 | D:1      | Noticed an octopode
    14 | D:1      | Noticed a vampire
    14 | D:1      | Noticed a felid
    16 | D:1      | Noticed a tengu
    18 | D:1      | Noticed a meteoran
    18 | D:1      | Noticed an armataur
    20 | D:1      | Noticed a draconian
    20 | D:1      | Noticed a minotaur
    22 | D:1      | Noticed a spriggan
    24 | D:1      | Noticed a troll
    24 | D:1      | Noticed a formicid
    26 | D:1      | Noticed an elf
    26 | D:1      | Noticed a merfolk
   203 | D:1      | Reached XP level 2. HP: 23/23 MP: 0/0
   335 | D:1      | Reached skill level 3 in Spellcasting
   603 | D:1      | Reached XP level 3. HP: 28/28 MP: 0/0
   603 | D:1      | Learned a level 1 spell: Beastly Appendage
   626 | D:1      | Found Unoel's Antique Armour Shoppe.
  1210 | D:1      | Found a faded altar of an unknown god.
  1677 | D:2      | HP: 1/28 [hobgoblin/+0 mace (6)]
  1678 | D:2      | Slain by a hobgoblin

Illustrated notes

Levels and vault maps discovered:
D:1:      kb_arrival_jail, layout_basic, dilly_ecumenical_altar_fadedgnrine,
          serial_shops, nicolae_shop_window_shopping, minmay_misc_feat_rows,
          minmay_hedge_maze
D:2:      layout_basic

Skill      XL: |  1  2 |
---------------+-------+-----
Spellcasting   | 3 |  3.5
Fighting       | |  2.0
Long Blades    | |  1.7
Throwing       | |  0.7
Armour         | |  1.0
Dodging        | |  2.1

Action                     || total
---------------------------++-------
  Melee: Falchion          ||   133
   Cast: Blink             ||     1
         Vhi's Electric Ch ||     4
         Teleport Other    ||     1
 Armour: Leather armour    ||    34
  Dodge: Dodged            ||    76
